 Dungeon Crawl Stone Soup version 0.18-a0-1304-g6d2dd1f (console) character file.

112422 sorlin the Bludgeoner (level 17, -2/108 HPs)
             Began as a Human Berserker on Feb 12, 2016.
             Was a High Priest of Trog.
             Slain by a titan zombie (19 damage)
             ... on level 2 of the Abyss on Feb 13, 2016.
             The game lasted 01:56:23 (34987 turns).

sorlin the Bludgeoner (Human Berserker)            Turns: 34987, Time: 01:56:23

Health: -2/108     AC: 15    Str: 16 (17) XL:     17   Next: 15%
Magic:  14/14      EV: 14    Int:  3      God:    Trog [*****.]
Gold:   2496       SH:  0    Dex: 12 (13) Spells: 0 memorised, 17 levels left

rFire  + . .     SeeInvis .     b - +0 demon whip (elec)
rCold  . . .     Gourm    .     n - +2 chain mail {rF+}
rNeg   . . .     Faith    .     (no shield)
rPois  .         Spirit   .     (no helmet)
rElec  .         Dismiss  .     I - +1 cloak
rCorr  .         Reflect  .     (no gloves)
SustAt .         Harm     .     k - +2 pair of boots of the Assassin {DetectMon Stab+ Stlth++}
MR     +++..                    (no amulet)
Stlth  +.........               O - +3 ring of evasion {=R}
                                t - ring of stealth

@: very slightly contaminated, non-regenerating, diseased, hasted, very quick,
extremely resistant to hostile enchantments, very unstealthy
A: blurry vision 2, clumsy 2, deformed body, deterioration 2, dopey 2, frail 2,
low mp 3, slow regeneration 3, weak 2, no device heal 3, subdued magic 2
a: Berserk, Trog's Hand, Brothers in Arms, Burn Spellbooks, Renounce Religion


You were on level 2 of the Abyss.
You worshipped Trog.
Trog was extremely pleased with you.
You were hungry.

You visited 3 branches of the dungeon, and saw 23 of its levels.
You visited the Abyss 1 time.
You also visited: Bailey and Ice Cave.

You collected 3558 gold pieces.
You spent 900 gold pieces at shops.

Inventory:

Hand Weapons
 a - a +2 antimagic demon whip
 b - a +0 demon whip of electrocution (weapon)
 T - the +8 dire flail of Altruism {crush, rElec Dex+4}
   (Trog gifted it to you on level 2 of the Lair of Beasts)

   It inflicts extra damage upon your enemies.
   It affects your dexterity (+4).
   It insulates you from electricity.
 U - a +4 antimagic great mace
Missiles
 z - a throwing net (quivered)
 C - 4 javelins of penetration
Armour
 k - the +2 pair of boots of the Assassin (worn) {DetectMon Stab+ Stlth++}
   (You acquired it on level 6 of the Lair of Beasts)

   It makes you much more stealthy.
 n - a +2 chain mail of fire resistance (worn)
 s - a +1 pair of gloves of dexterity
 I - a +1 cloak (worn)
Jewellery
 j - an uncursed ring of resist corrosion
 t - a ring of stealth (left hand)
 y - a +3 ring of protection
 A - an uncursed ring of positive energy
 O - a +3 ring of evasion (right hand) {=R}
Wands
 h - a wand of teleportation (5/9)
 m - a wand of slowing (16/48)
 v - a wand of digging (7/24)
 D - a wand of heal wounds (2/9)
 J - a wand of disintegration (8/24)
 L - a wand of digging (10/24)
 N - a wand of iceblast (3/15)
 P - a wand of lightning (4/15)
 R - a wand of confusion (24/48)
 V - a wand of polymorph (8/24)
Scrolls
 f - a scroll of magic mapping
 g - 4 scrolls of blinking
 i - 4 scrolls of teleportation
 q - a scroll of immolation
 u - 6 scrolls of recharging
 M - a scroll of holy word
 S - a scroll of enchant weapon
 X - 2 scrolls of enchant armour
 Z - 8 scrolls of remove curse
Potions
 d - 4 potions of flight
 l - 10 potions of curing
 p - 5 potions of heal wounds
 r - 7 potions of might
 w - a potion of haste
 E - 3 potions of ambrosia
 F - 2 potions of cure mutation
 G - a potion of resistance
 H - 2 potions of agility
 W - 4 potions of cancellation
Books
 Q - a book of Air

   Spells                             Type                      Level
   a - Shock                          Conjuration/Air              1
   b - Swiftness                      Charms/Air                   2
   c - Repel Missiles                 Charms/Air                   2
   d - Static Discharge               Conjuration/Air              3
   e - Lightning Bolt                 Conjuration/Air              5
   Trog disapproves of the use of such an item.
Miscellaneous
 e - a lamp of fire
 o - 2 phantom mirrors
 B - a sack of spiders
Comestibles
 c - 18 bread rations
 x - 11 meat rations
 K - 4 slices of pizza


   Skills:
 + Level 12.8 Fighting
 - Level 20.5 Maces & Flails
 - Level 10.7 Armour
 - Level 10.0 Dodging
 - Level 0.8 Spellcasting
 + Level 4.3 Evocations


You had 17 spell levels left.
You didn't know any spells.

Dungeon Overview and Level Annotations

Branches:
Dungeon (13/15)            Temple (0/1) D:7            Lair (8/8) D:11
  Swamp (0/4) Lair:4        Snake (0/4) Lair:6        Slime (0/6) Lair:6
    Orc (2/2) D:12            Elf (0/3) Orc:2
 Vaults: D:13-14

Altars:
Ashenzari
Dithmenos
Gozag
Kikubaaqudgha
Makhleb
Trog
Vehumet
Zin
The Shining One
Jiyva

Shops:
D:4 (   Orc:1 (   Orc:2 %}*[

Portals:
Pandemonium: Orc:2

Annotations:
D:13 Sonja
Orc:2 1 runed door


Innate Abilities, Weirdness & Mutations

[Scrolls take you longer to read.]
[You are very clumsy. (Dex -4)]
[Armour fits poorly on your strangely shaped body.]
[Your body often deteriorates upon taking damage.]
[You are very dopey. (Int -4)]
[You are very frail (-20% HP).]
[Your magical capacity is extremely low (-30% MP).]
[You do not regenerate naturally.]
[You are very weak. (Str -4)]
[Potions and wands cannot restore your health.]
[Your spells are easier to cast, but less powerful.]


Message History

Really read with blurry vision while enemies are nearby? [Y]es or [N]o only, please.
Really read with blurry vision while enemies are nearby?
Okay, then.
Unknown command.
Drink which item? (? for menu, Esc to quit)
Okay, then.
Unknown command.
Unknown command.
Drink which item? (? for menu, Esc to quit)
You feel yourself speed up.
The wretched star pulses with an eldritch light!
Your connection to magic feels subdued.
Your connection to magic feels more subdued.
You stop regenerating.
You feel ill.
You are very lightly contaminated with residual magic.
The wretched star glows turbulently.
The orb of energy misses you. The titan zombie hits you!!
You die...

#. # ##. .##.
#... #....
#*/ ..... .
..### ....
#..##..#...
#####.@#....#
#. ##.Z# # #
### . #*#..#
###. .#
...x##..... .
.#
.....#...##.#
.. .
###...#...# .
## (# ##...#
#. . .. .. ##
.. # ## ..# #
.. #. ..# ...
. .# # . .#


You could see 2 wretched stars, an ancient zyme and a titan zombie.

Vanquished Creatures
  Rupert (Lair:3)
  A tentacled starspawn (Abyss:2)
  Maud (D:10)
  Snorg (Lair:5)
  Josephine (Lair:5)
  A fire dragon (Lair:8)
  12 hydras
  A catoblepas (Lair:8)
  A centaur warrior (D:10)
  Erica (D:9)
  3 death yaks (Lair:8)
  The ghost of allbefore the Fighter, a novice OgFE (Lair:1)
  7 orc high priests
  3 wretched stars (Abyss:2)
  2 gelid demonspawn (Orc:2)
  2 unseen horrors
  An infernal demonspawn (Orc:2)
  2 hill giants
  The ghost of johnl023 the Slinger, a novice HaHu (D:7)
  A naga mage (Orc:1)
  5 orc knights
  2 griffons
  3 ugly things
  8 orc sorcerers
  2 oklob plants (Lair:7)
  A cyclops (Orc:2)
  Maurice (D:13)
  3 manticores
  A worldbinder (Abyss:2)
  12 elephants
  A stone giant skeleton (Abyss:2)
  2 ice statues (IceCv)
  An eye of devastation (Abyss:2)
  A torpor snail (Lair:7)
  A centaur zombie (D:12)
  6 black mambas
  A guardian serpent (D:10)
  An orange demon (Orc:2)
  A centaur skeleton (D:10)
  17 spiny frogs
  2 smoke demons (Abyss:2)
  An ice devil (Orc:2)
  A freezing wraith (Abyss:2)
  12 fire drakes
  2 hellwings (Abyss:2)
  3 ancient zymes (Abyss:2)
  6 trolls
  14 komodo dragons
  A polar bear (Lair:8)
  A queen bee (Lair:1)
  Prince Ribbit (Lair:1)
  3 slime creatures (D:12)
  A raiju (Abyss:2)
  36 blink frogs
  8 large abominations (Abyss:2)
  A vampire (Abyss:2)
  A flying skull (Abyss:2)
  13 wyverns
  Sigmund (D:3)
  A ynoxinul (Abyss:2)
  A shadow (D:12)
  6 wraiths
  41 yaks
  A human (D:7)
  2 neqoxecs
  25 hippogriffs
  Menkaure (D:5)
  A steam dragon (Lair:8)
  9 basilisks
  4 swamp worms (Lair:4)
  23 wolves
  3 wargs
  2 mottled dragons (Lair:8)
  2 nagas (Lair:6)
  Edmund (D:5)
  Duvessa (D:5)
  4 hell hounds
  2 swamp drakes
  16 water moccasins
  10 porcupines
  11 ice beasts
  A necrophage (D:10)
  39 orc warriors
  13 ogres
  5 sky beasts
  An eye of draining (Lair:6)
  2 phantoms
  7 centaurs
  23 crocodiles
  A big kobold (D:12)
  24 giant frogs
  Blork the orc (D:6)
  A scorpion (D:5)
  Dowan (D:5)
  11 killer bees (Lair:1)
  An electric eel (Lair:4)
  6 wights
  2 wasp zombies
  6 crimson imps
  2 quasits
  2 giant frog zombies
  6 hounds
  Crazy Yiuf (D:2)
  A small abomination (Abyss:2)
  A giant frog skeleton (D:5)
  20 orc priests
  2 jellies
  16 iguanas
  22 orc wizards
  13 worker ants
  21 sheep
  A worker ant zombie (D:4)
  15 gnolls
  12 adders
  90 river rats
  2 shadow imps
  2 white imps (Abyss:2)
  An ufetubus (Abyss:2)
  An ooze (D:5)
  2 adder skeletons
  An adder zombie (D:7)
  2 worms (D:3)
  12 giant geckos
  75 orcs
  A ball python (D:6)
  7 bats
  5 giant cockroaches
  10 goblins
  14 hobgoblins
  3 jackals (D:10)
  31 kobolds
  8 quokkas
  A giant gecko zombie (D:5)
  2 giant newts (D:1)
  A jackal zombie (D:7)
  A quokka skeleton (D:9)
  A quokka zombie (D:10)
  9 rats
  A fungus (Lair:7)
  2 plants
  A starspawn tentacle (Abyss:2)
955 creatures vanquished.

Vanquished Creatures (collateral kills)
  An ettin (Orc:2)
  An orc sorcerer (Orc:1)
  A spiny frog (Lair:6)
  A blink frog (Lair:1)
  A naga (Lair:6)
  A sky beast (D:12)
  A giant frog (D:12)
  A hound (D:12)
8 creatures vanquished.

Vanquished Creatures (others)
  A crocodile (Lair:8)
  An orc priest (Orc:2)
  2 orcs (Orc:2)
  A bush (Lair:7)
  66 fungi
  A lurking horror (Abyss:2)
  31 plants
  5 starspawn tentacles (Abyss:2)
  107 starspawn tentacle segments (Abyss:2)
215 creatures vanquished.

Grand Total: 1178 creatures vanquished

Notes
Turn   | Place    | Note
--------------------------------------------------------------
     0 | D:1      | sorlin the Human Berserker began the quest for the Orb.
     0 | D:1      | Reached XP level 1. HP: 18/18 MP: 1/1
   166 | D:1      | Reached XP level 2. HP: 8/24 MP: 3/3
  1326 | D:2      | Reached XP level 3. HP: 24/29 MP: 4/4
  1696 | D:2      | Reached skill level 4 in Maces & Flails
  2079 | D:2      | Reached XP level 4. HP: 24/35 MP: 5/5
  2302 | D:2      | Reached ** piety under Trog
  2455 | D:2      | Noticed Crazy Yiuf
  2462 | D:2      | Killed Crazy Yiuf
  2734 | D:3      | Noticed Sigmund
  2771 | D:3      | Found a glowing golden altar of the Shining One.
  2796 | D:3      | Reached XP level 5. HP: 39/41 MP: 6/6
  2861 | D:3      | Found a shattered altar of Ashenzari.
  2863 | D:3      | Found an opulent altar of Gozag.
  2863 | D:3      | Found an ancient bone altar of Kikubaaqudgha.
  2865 | D:3      | Found a burning altar of Makhleb.
  2865 | D:3      | Found a shadowy altar of Dithmenos.
  2871 | D:3      | Found a glowing silver altar of Zin.
  2957 | D:3      | Killed Sigmund
  2957 | D:3      | Reached skill level 5 in Maces & Flails
  2957 | D:3      | Reached XP level 6. HP: 36/48 MP: 7/7
  3133 | D:3      | Reached skill level 6 in Maces & Flails
  3850 | D:4      | Reached XP level 7. HP: 54/54 MP: 8/8
  3924 | D:4      | Found a radiant altar of Vehumet.
  3949 | D:4      | Found a bloodstained altar of Trog.
  4280 | D:4      | Reached skill level 7 in Maces & Flails
  4291 | D:4      | Found Laeghij's Antique Weapon Emporium.
  4653 | D:5      | Entered Level 5 of the Dungeon
  4653 | D:5      | Noticed Edmund
  4725 | D:5      | Killed Edmund
  4777 | D:5      | Reached skill level 8 in Maces & Flails
  4777 | D:5      | Reached XP level 8. HP: 60/60 MP: 9/9
  4840 | D:5      | Reached *** piety under Trog
  4888 | D:5      | Noticed Dowan
  4889 | D:5      | Noticed Duvessa
  4912 | D:5      | Killed Dowan
  4970 | D:5      | Killed Duvessa
  4970 | D:5      | Reached skill level 9 in Maces & Flails
  5109 | D:5      | Noticed Menkaure
  5123 | D:5      | Killed Menkaure
  5249 | D:5      | Reached skill level 10 in Maces & Flails
  5614 | D:6      | Reached XP level 9. HP: 54/65 MP: 10/10
  5924 | D:6      | Noticed Blork the orc
  5941 | D:6      | Killed Blork the orc
  5970 | D:6      | Reached skill level 11 in Maces & Flails
  6053 | D:6      | You fall through a shaft for 2 floors!
  6623 | D:6      | Gained mutation: You have a pair of small horns on your head. [potion of beneficial mutation]
  6624 | D:6      | Gained mutation: You have an increased reservoir of magic (+10% MP). [potion of beneficial mutation]
  6655 | D:6      | Reached skill level 12 in Maces & Flails
  7505 | D:7      | Reached **** piety under Trog
  7505 | D:7      | Reached XP level 10. HP: 56/71 MP: 12/12
  7758 | D:7      | Reached skill level 13 in Maces & Flails
  8071 | D:7      | Found a staircase to the Ecumenical Temple.
  8125 | D:7      | Noticed johnl023's ghost (novice HaHu)
  8144 | D:7      | Killed johnl023's ghost
  8905 | D:9      | Reached skill level 14 in Maces & Flails
  9356 | D:9      | Found a shadowy altar of Dithmenos.
  9379 | D:9      | Noticed Erica
  9390 | D:9      | Killed Erica
  9390 | D:9      | Reached skill level 5 in Fighting
  9769 | D:9      | Reached XP level 11. HP: 78/80 MP: 13/13
 10247 | D:10     | Entered Level 10 of the Dungeon
 10247 | D:10     | Noticed Maud
 10265 | D:10     | Killed Maud
 10541 | D:10     | Noticed a centaur warrior
 10559 | D:10     | Killed a centaur warrior
 10931 | D:10     | Noticed a hill giant
 10944 | D:10     | Killed a hill giant
 11605 | D:10     | Got an encrusted ring mail
 11617 | D:10     | Identified the cursed +0 ring mail of the End {Str+4 Int+7} (You found it on level 10 of the Dungeon)
 12051 | D:11     | Noticed a cyan ugly thing
 12129 | D:11     | Killed an unseen horror
 12329 | D:11     | Killed a cyan ugly thing
 12329 | D:11     | Reached XP level 12. HP: 90/94 MP: 14/14
 12779 | D:11     | Received a gift from Trog
 12806 | D:11     | Found a staircase to the Lair.
 13028 | Lair:1   | Entered Level 1 of the Lair of Beasts
 13143 | Lair:1   | Noticed Prince Ribbit
 13156 | Lair:1   | Killed Prince Ribbit
 13245 | Lair:1   | Reached ***** piety under Trog
 13257 | Lair:1   | Reached skill level 10 in Fighting
 13731 | Lair:1   | Noticed allbefore's ghost (novice OgFE)
 13960 | Lair:1   | Killed allbefore's ghost
 14106 | Lair:1   | Reached skill level 10 in Armour
 14842 | Lair:1   | Noticed a six-headed hydra
 14852 | Lair:1   | Killed a six-headed hydra
 14852 | Lair:1   | Reached XP level 13. HP: 93/103 MP: 15/15
 15248 | Lair:2   | Received a gift from Trog
 15263 | Lair:2   | Got a dazzling dire flail {god gift}
 15264 | Lair:2   | Identified the +8 dire flail of Altruism {crush, rElec Dex+4} (Trog gifted it to you on level 2 of the Lair of Beasts)
 15323 | Lair:2   | Got a fine ring mail
 15334 | Lair:2   | Identified the +3 ring mail "Hiebbior" {MP+9 Str+4 Int+2 SInv} (You found it on level 2 of the Lair of Beasts)
 15376 | Lair:2   | Reached skill level 15 in Maces & Flails
 15746 | Lair:2   | Noticed an eight-headed hydra
 15754 | Lair:2   | Killed an eight-headed hydra
 16306 | Lair:3   | Noticed a six-headed hydra
 16314 | Lair:3   | Killed a six-headed hydra
 17274 | Lair:3   | Noticed Rupert
 17277 | Lair:3   | Paralysed by Rupert for 7 turns
 17301 | Lair:3   | Killed Rupert
 17301 | Lair:3   | Reached skill level 5 in Dodging
 18048 | Lair:3   | Reached skill level 16 in Maces & Flails
 18656 | Lair:4   | Found a staircase to the Swamp.
 18880 | Lair:5   | Noticed Snorg
 18904 | Lair:5   | Killed Snorg
 19365 | Lair:5   | Noticed Josephine
 19383 | Lair:5   | Killed Josephine
 19388 | Lair:5   | Reached XP level 14. HP: 110/110 MP: 16/16
 19960 | Lair:6   | Found a viscous altar of Jiyva.
 19961 | Lair:6   | Found a staircase to the Slime Pits.
 20197 | Lair:6   | Received a gift from Trog
 20247 | Lair:6   | Reached skill level 17 in Maces & Flails
 20620 | Lair:6   | Identified a scroll of acquirement
 20893 | Lair:6   | Found a staircase to the Snake Pit.
 21357 | Lair:6   | Received a gift from Trog
 21847 | Lair:7   | Received a gift from Trog
 22532 | Lair:7   | Reached skill level 18 in Maces & Flails
 22553 | Lair:7   | Reached XP level 15. HP: 50/115 MP: 17/17
 23200 | Lair:8   | Entered Level 8 of the Lair of Beasts
 24080 | Lair:7   | Reached ****** piety under Trog
 24118 | Lair:7   | Received a gift from Trog
 25154 | Lair:8   | Reached skill level 10 in Dodging
 25418 | Lair:8   | Reached skill level 19 in Maces & Flails
 25480 | Lair:8   | Received a gift from Trog
 27292 | Lair:7   | Reached XP level 16. HP: 120/124 MP: 18/18
 27571 | Lair:7   | Hired Botonn the naga for 162 gold.
 28596 | D:12     | Found a staircase to the Orcish Mines.
 28684 | D:12     | Found a flagged portal.
 28701 | Bailey   | Entered a bailey
 28862 | Bailey   | Received a gift from Trog
 28876 | Bailey   | Got a slimy mace {god gift}
 28877 | Bailey   | Identified the +13 mace of Dyrivyof {freeze, rC+} (Trog gifted it to you in a bailey)
 29401 | D:12     | Gained mutation: Your muscles are strong. (Str +2) [potion of beneficial mutation]
 29692 | Orc:1    | Entered Level 1 of the Orcish Mines
 29697 | Orc:1    | Found Hyka's Antique Weapon Shop.
 30039 | Orc:1    | Found a frozen archway.
 30061 | IceCv    | Entered an ice cave
 30468 | Orc:1    | Received a gift from Trog
 31156 | Orc:2    | Entered Level 2 of the Orcish Mines
 31423 | Orc:2    | Found a staircase to the Elven Halls.
 31457 | Orc:2    | Reached skill level 20 in Maces & Flails
 31892 | Orc:2    | Found a runed door.
 32200 | Orc:2    | Found Ivaiwkab's General Store.
 32533 | Orc:2    | Found Ceczisic's Food Shoppe.
 32683 | Orc:2    | Gained mutation: You tend to lose your temper in combat. [a neqoxec]
 33211 | Orc:2    | Received a gift from Trog
 33263 | Orc:2    | Found Jimiufol's Gadget Boutique.
 33263 | Orc:2    | Found Koschap's Antique Armour Shop.
 33264 | Orc:2    | Found a one-way gate leading to the halls of Pandemonium.
 33480 | Orc:2    | Lost mutation: Your muscles are strong. (Str +2) [potion of cure mutation]
 33480 | Orc:2    | Lost mutation: You have a pair of small horns on your head. [potion of cure mutation]
 33480 | Orc:2    | Lost mutation: You have an increased reservoir of magic (+10% MP). [potion of cure mutation]
 33481 | Orc:2    | Lost mutation: You tend to lose your temper in combat. [potion of cure mutation]
 33511 | Orc:2    | Bought a lamp of fire for 600 gold pieces
 33511 | Orc:2    | Bought a sack of spiders for 300 gold pieces
 33949 | D:13     | Found a shadowy altar of Dithmenos.
 34034 | D:13     | Reached skill level 1 in Evocations
 34137 | D:13     | Noticed Maurice
 34164 | D:13     | Killed Maurice
 34201 | D:13     | Noticed Sonja
 34207 | D:13     | Cast into level 2 of the Abyss (Sonja)
 34226 | Abyss:2  | Noticed a tentacled starspawn
 34256 | Abyss:2  | Killed a tentacled starspawn
 34501 | Abyss:2  | Reached XP level 17. HP: 98/135 MP: 19/19
 34609 | Abyss:2  | Found a corrupted altar of Lugonu.
 34987 | Abyss:2  | Slain by a titan zombie

Vault maps used:
D:1:      mrwooster_arrival_arrow
D:2:      uniq_crazy_yiuf_cottage
D:3:      grunt_temple_overflow_open, first_bread, uniq_sigmund
D:4:      kennysheep_little_box, serial_glass, glass_columns_b, glass_columns_b,
          glass_columns_a, glass_columns_b, glass_columns_c, glass_columns_a,
          glass_columns_a, glass_columns_a, serial_shops, shop,
          nrook_mini_backslash, trog_book
D:5:      uniq_duvessa, uniq_menkaure, uniq_edmund
D:6:      uniq_blork_the_orc
D:7:      temple_doors_e, grunt_livestock
D:9:      grunt_dithmenos_smoke, uniq_erica
D:10:     glass_columns_a, roderic_bali_sauvastika,
          nrook_guardian_serpent_ordinary, uniq_maud
D:11:     minmay_lair_entry_lava
D:12:     orc_0_dummy, enter_bailey_2
D:13:     grunt_vaults_entry_tiered, basic_altar, uniq_nessos, uniq_maurice,
          uniq_sonja
Lair:1:   special_room, small_statue_intersection, uniq_prince_ribbit2
Lair:3:   lemuel_fruit_tree, grunt_megastairs_3, uniq_rupert
Lair:4:   nicolae_swamp_entry_splash_gauntlet
Lair:5:   st_stairs_6, uniq_josephine, uniq_snorg
Lair:6:   minmay_snake_entry_guardpost_small, slime_altar_1,
          grunt_forest_small_clearings, zaba_anthole
Lair:7:   serial_forest, infiniplex_forest_lined_corner,
          infiniplex_forest_clump_long, infiniplex_forest_zigzag_1,
          infiniplex_forest_corner_1, infiniplex_forest_zigzag_1,
          infiniplex_forest_zigzag_1, infiniplex_forest_lined_room_2,
          infiniplex_forest_clump_curved, infiniplex_forest_clump_long,
          disabler_island
Lair:8:   guppyfry_lair_end_dragon, hangedman_lair_in_review,
          guppyfry_lair_drakes
Orc:1:    portal_ice_cave_entry_pillars_02, serial_shops, nicolae_shop_trees,
          nicolae_orc_stony_grotto
Orc:2:    pf_orc_diabolical, lightli_church_of_beogh
Abyss:2:  hangedman_abyss_mock_shop, eino_small_chamber_without_monster
Bailey:   bailey_axe_1, bailey
IceCv:    ice_cave_statue_garden_01

Action                   |  1- 3 |  4- 6 |  7- 9 | 10-12 | 13-15 | 16-18 || total
-------------------------+-------+-------+-------+-------+-------+-------++-------
Melee: Mace              |   151 |   166 |   104 |       |       |       ||   421
       Flail             |       |       |   247 |   720 |    93 |       ||  1060
       Dire flail        |       |       |       |       |  1112 |   589 ||  1701
       Great mace        |       |       |       |       |    31 |       ||    31
       Demon whip        |       |       |       |       |       |   414 ||   414
 Fire: Hunting sling     |       |     9 |     1 |       |     6 |       ||    16
Throw: Throwing net      |       |       |       |     1 |       |       ||     1
Invok: Berserk           |     2 |     3 |     4 |    12 |     8 |     2 ||    31
       Trog's Hand       |       |     3 |     2 |     6 |     7 |    15 ||    33
       Brothers in Arms  |       |       |       |     1 |     1 |     1 ||     3
       Burn Spellbooks   |       |       |       |       |     5 |     2 ||     7
 Abil: Evoke Flight      |       |       |       |       |       |     2 ||     2
Evoke: Wand              |       |       |       |     2 |    10 |     4 ||    16
       Deck              |       |       |       |       |       |     1 ||     1
  Use: Scroll            |     5 |     1 |     5 |     7 |    21 |    10 ||    49
       Potion            |     1 |       |     2 |     1 |     3 |     4 ||    11
 Stab: Sleeping          |     1 |       |       |       |       |       ||     1
  Eat: Chunk             |     6 |     7 |    16 |    31 |    17 |    23 ||   100
       Pizza             |       |     1 |       |       |       |     5 ||     6
       Royal jelly       |       |       |       |     3 |     2 |       ||     5
       Beef jerky        |       |       |       |       |    10 |     1 ||    11
       Fruit             |       |       |       |       |    16 |       ||    16
